 Seeded DCSS version 0.30.0-5-g1a98f26d00 (webtiles) character file.

Game seed: 18007716519941398942 (custom seed)

11 IndexError the Trooper (level 2, 22/25 HPs)
             Began as a Demonspawn Fighter on May 11, 2023.
             Quit the game on level 1 of the Dungeon.
             The game lasted 00:01:57 (243 turns).

IndexError the Trooper (Demonspawn Fighter)          Turns: 243, Time: 00:01:58

Health: 22/25      AC:  6    Str: 16    XL:     2   Next: 17%
Magic:  2/2        EV:  8    Int: 15    God:
Gold:   9          SH:  5    Dex: 12    Spells: 1/1 levels left

rFire   . . .        a - +0 long sword
rCold   . . .        i - +1 buckler "Fuidgh" {Int+3}
rNeg    . . .        b - +0 scale mail
rPois   +            (no helmet)
rElec   .            (no cloak)
rCorr   .            (no gloves)
SInv    .            (no boots)
Will    +....        j - amulet of Ogamet {RegenMP rPois Will+ Int+3} Stlth
                     (no ring)
HPRegen 0.24/turn    (no ring)
MPRegen 0.48/turn

%: no passive effects
@: studying Staves
A: powered by pain 1
a: no special abilities


You were on level 1 of the Dungeon.
You visited 1 branch of the dungeon, and saw 1 of its levels.

You collected 9 gold pieces.

Inventory:

Hand Weapons
 a - a +0 long sword (weapon)
Armour
 b - a +0 scale mail (worn)
 c - a +0 buckler
 i - the +1 buckler "Fuidgh" (worn) {Int+3}
   (You acquired it on level 1 of the Dungeon)

   Int:       It affects your intelligence (+3).
Jewellery
 g - an amulet of faith {Faith, !P}
   (You found it on level 1 of the Dungeon)
 h - an amulet of the acrobat
   (You found it on level 1 of the Dungeon)
 j - the amulet of Ogamet (around neck) {RegenMP rPois Will+ Int+3}
   (You acquired it on level 1 of the Dungeon)

   [amulet of magic regeneration]

   It increases your rate of magic regeneration.
   Int:       It affects your intelligence (+3).
   rPois:     It protects you from poison.
   Will:      It increases your willpower.
Scrolls
 e - 2 scrolls of magic mapping {unknown}
 k - a scroll of fog {unknown}
Potions
 d - a potion of might
 f - a potion of berserk rage {unknown}
 l - 2 potions of heal wounds {unknown}


   Skills:
 + Level 3.6 Fighting
 * Level 1.8 Long Blades
 - Level 2.6 Armour
 - Level 2.6 Shields
 + Level 0.1 Invocations


You had one spell level left.
You didn't know any spells.
Your spell library was empty.

Dungeon Overview and Level Annotations

Branches:
Dungeon (1/15)

Altars:


Innate Abilities, Weirdness & Mutations

You sometimes gain a little power by taking damage.


Message History

The hobgoblin barely misses you.
You closely miss the hobgoblin.
The hobgoblin hits you but does no damage.
You closely miss the hobgoblin.
The hobgoblin hits you but does no damage. x2
You barely miss the hobgoblin. The hobgoblin closely misses you.
You barely miss the hobgoblin. The hobgoblin hits you.
You take 3 damage, and have 11/18 hp.
You closely miss the hobgoblin. The hobgoblin hits you.
The hobgoblin hits you but does no damage.
You take 3 damage, and have 8/18 hp.
You hit the hobgoblin but do no damage. The hobgoblin barely misses you.
You closely miss the hobgoblin.
The hobgoblin hits you but does no damage.
You closely miss the hobgoblin. The hobgoblin barely misses you.
The hobgoblin closely misses you.
You closely miss the hobgoblin. The hobgoblin closely misses you.
You hit the hobgoblin.
The hobgoblin hits you but does no damage. x2
You closely miss the hobgoblin. The hobgoblin barely misses you.
You hit the hobgoblin.
You regained 3 hp, and now have 16/18 hp.
HP restored.
A goblin comes into view. It is wielding a +0 dagger.
The goblin shouts!
You hear an angry hiss.
An endoplasm comes into view.
The endoplasm quivers.
Health restored: 18
There are monsters nearby!
A frilled lizard comes into view.
You see here a scroll labelled UNKIPPOYZU.
The goblin barely misses you.
You barely miss the goblin. You block the goblin's attack.
The goblin hits you with a +0 dagger.
You take 1 damage, and have 17/18 hp.
You barely miss the goblin. The goblin hits you but does no damage.
You slash the goblin!
You have reached level 2!
Your demonic ancestry asserts itself...
You feel energised by your suffering.
You regained 6 hp, and now have 23/24 hp.
MP restored: 2 You slash the endoplasm!
The frilled lizard bites you but does no damage.
Health restored: 24 You barely miss the frilled lizard.
The frilled lizard bites you.
You take 1 damage, and have 23/24 hp.
You hit the frilled lizard.
No target in view!
No target in view!
No target in view!
Unknown command.
You see here a +0 dagger.
Health restored: 25
i - 3 scrolls labelled DICAOL JAOKK This is a scroll of acquirement!
You see here a manual of Staves.
Something appears at your feet!
You pick up a manual of Staves {!d} and begin studying.
Something appears at your feet!
j - the amulet of Ogamet {RegenMP rPois Will+ Int+3} Something appears at your feet!
i - the +1 buckler "Fuidgh" {Int+3} You start removing your armour.
You continue taking off your +0 buckler. x4
You finish taking off your +0 buckler.
You start putting on your armour.
You continue putting on the +1 buckler "Fuidgh" {Int+3}. x5
You finish putting on the +1 buckler "Fuidgh" {Int+3}.
You feel clever.
You see here a +0 dagger.
k - a scroll labelled UNKIPPOYZU
l - 2 lumpy sapphire potions
e - 2 scrolls labelled DAUD DOTON (gained 1)
A kobold comes into view. It is wielding a +0 dagger.
A kobold is nearby!
The kobold barely misses you.
You closely miss the kobold. The kobold hits you with a +0 dagger.
The kobold hits you but does no damage.
You take 2 damage, and have 23/25 hp.
You closely miss the kobold. The kobold barely misses you.
You hit the kobold. The kobold hits you but does no damage.
The kobold barely misses you.
You closely miss the kobold. The kobold hits you with a +0 dagger.
You take 1 damage, and have 23/25 hp.
You closely miss the kobold. The kobold barely misses you.
You closely miss the kobold. The kobold hits you with a +0 dagger.
The kobold barely misses you.
You take 2 damage, and have 21/25 hp.
You hit the kobold but do no damage. The kobold hits you with a +0 dagger.
You take 1 damage, and have 20/25 hp.
You hit the kobold but do no damage. The kobold hits you but does no damage.
You hit the kobold.
No target in view!
No target in view!
You start putting on your amulet.
You continue putting on the amulet of Ogamet {RegenMP rPois Will+ Int+3}. x5
You finish putting on the amulet of Ogamet {RegenMP rPois Will+ Int+3}.
You feel clever.
j - the amulet of Ogamet (around neck) {RegenMP rPois Will+ Int+3} You regained 2 hp, and now have 22/25 hp.
Are you sure you want to abandon this character and quit the game? (Confirm with "yes".)

#.# #.. ..#
##.##### #.#
#.#.# ......)#
#.# #.#.#
.#.##.## #.#
#.#.# .#..#.#
##.###.#.#
##.#.#
#...)..#.# .#.#
#..###.#.# .#.#
#..# #.#)# .#.#
#..# ###@# .#.#
#..# #.# #.#
#..# #.# #.#
#..# #.# #.#
#..# #.# #.#
#..# #.# #.#
#..# #.#
#.###..#####.##
#.............#


There were no monsters in sight!

Vanquished Creatures
  4 endoplasms (D:1)
  A goblin (D:1)
  A hobgoblin (D:1)
  A jackal (D:1)
  A kobold (D:1)
  A frilled lizard (D:1)
9 creatures vanquished.

Notes
Turn   | Place    | Note
-------+----------+-------------------------------------------
     0 | D:1      | IndexError the Demonspawn Fighter began the quest for the
                  | Orb.
     0 | D:1      | Reached XP level 1. HP: 18/18 MP: 1/1
   142 | D:1      | Gained mutation: You sometimes gain a little power by
                  | taking damage. [demonic ancestry]
   142 | D:1      | Reached XP level 2. HP: 23/24 MP: 2/2
   152 | D:1      | Identified 3 scrolls of acquirement
   152 | D:1      | Acquired a manual of Staves
   154 | D:1      | Acquired the amulet of Ogamet {RegenMP rPois Will+ Int+3}
   156 | D:1      | Acquired the +1 buckler "Fuidgh" {Int+3}
   243 | D:1      | Quit the game

Illustrated notes

Levels and vault maps discovered:
D:1:      psy_arrival_dodecagon, layout_basic,
          dreamdust_ecumenical_altar_sealed_demon

Action                     || total
---------------------------++-------
  Melee: Long sword        ||    39
    Use: Scroll            ||     3
 Armour: Scale mail        ||    16
  Dodge: Dodged            ||    14
  Block: Buckler           ||     3

Levels and vault maps discovered:
D:1:      psy_arrival_dodecagon, layout_basic,
          dreamdust_ecumenical_altar_sealed_demon

Table legend: (Time is in decaauts)
 A = Elapsed time spent in this place.
 B = Non-inter-level travel time spent in this place.
 C = Inter-level travel time spent in this place.
 D = Time resting spent in this place.
 E = Time spent auto-exploring this place.
 F = Levels seen in this place.
 G = Mean time per level.
                   A        B        C        D        E       F      G
               +--------+--------+--------+--------+--------+-----+--------+
         Total |    257 |    257 |      0 |      0 |     80 |   1 |  257.0 |
       Dungeon |    257 |    257 |      0 |      0 |     80 |   1 |  257.0 |
               +--------+--------+--------+--------+--------+-----+--------+

Top non-repeatable levels by time:
     D:1: 257 daAuts

Table legend:
 A = Kills in this place as a percentage of kills in the entire game.
 B = Kills by you in this place as a percentage of kills by you in the entire game.
 C = Kills by friends in this place as a percentage of kills by friends in the entire game.
 D = Other kills in this place as a percentage of other kills in the entire game.
 E = Experience gained in this place as a percentage of experience gained in the entire game.
 F = Experience gained in this place divided by the number of levels of this place that you have seen.
                   A       B       C       D       E      F
               +-------+-------+-------+-------+-------+----------------------
         Total | 100.0 | 100.0 |   N/A |   N/A | 100.0 |  17.0
       Dungeon | 100.0 | 100.0 |   N/A |   N/A | 100.0 |  17.0
               +-------+-------+-------+-------+-------+----------------------
